AoeStats
← Snobyman

Arena

509014037Analyzed
4v4 RM · 8d ago on Sep 25, 2026· 71m 5s· 8 players
Game mode
Random Map
Map size
Large (8 player)
Population
200
Speed
Normal
Resources
Standard
Victory
Conquest
Starting age
Dark Age
Ending age
Imperial Age
RankedLock teamsTeams togetherTeam positionsShared explorationLock speedFull tech treeHidden civsTurbo modeCheats
Victory
Defeat
🇨🇳 Slavs · China
603
+10
🇧🇷 Celts · Brazil
591
+10
🇦🇷 Khmer · Argentina
583
+11
🇵🇪 Hindustanis · Peru
562
+11
🇬🇧 Japanese · United Kingdom
502
-12
🇬🇧 Huns · United Kingdom
470
-11
🇺🇸 Britons · United States
459
-10
🇦🇺 Saxons · Australia
408
-9
Carpeado BR
0:29 Loom
10:54 Feudal Age
12:10 Double-Bit Axe
12:09 Horse Collar
19:34 Castle Age
18:35 Gold Mining
19:57 Fletching
21:58 Scale Mail Armor
22:49 Heavy Plow
34:15 Wheelbarrow
33:26 Town Watch
33:47 Bodkin Arrow
34:03 Forging
34:11 Chain Mail Armor
34:20 Pikeman
34:47 Gambesons
34:48 Arson
38:25 Gold Shaft Mining
37:47 Stone Mining
39:44 Stone Shaft Mining
40:33 Bow Saw
44:28 Imperial Age
46:27 Hand Cart
46:16 Capped Ram
51:49 Chemistry
51:10 Ballistics
50:46 Murder Holes
51:20 Siege Engineers
51:27 Masonry
51:34 Halberdier
53:56 Siege Ram
56:37 Elite Woad Raider
57:31 Furor Celtica
64:03 Heavy Scorpion
67:54 Spies/Treason
Max1muZS
14:49 Feudal Age
15:19 Double-Bit Axe
16:11 Wheelbarrow
20:41 Horse Collar
23:20 Gold Mining
23:37 Arson
23:54 Scale Mail Armor
27:59 Stone Mining
28:30 Forging
35:03 Castle Age
35:18 Castle Age
40:38 Hand Cart
41:08 Stone Shaft Mining
41:08 Gold Shaft Mining
40:47 Bow Saw
41:20 Chain Mail Armor
41:40 Iron Casting
41:07 Squires
42:41 Grand Trunk Road
43:24 Caravan
43:54 Coinage
46:14 Imperial Age
45:15 Heavy Plow
49:14 Conscription
48:17 Elite Ghulam
50:19 Chemistry
49:39 Ballistics
49:34 Town Watch
49:34 Loom
51:39 Blast Furnace
50:05 Pikeman
51:53 Banking
61:45 Guard Tower
62:05 Fortified Wall
61:51 Murder Holes
62:06 Clinker Construction
62:07 Careening
62:08 Masonry
65:20 Fervor
65:26 Block Printing
65:36 Illumination
65:07 Herbal Medicine
65:47 Theocracy
65:13 Devotion
65:33 Sanctity
65:24 Redemption
65:18 Town Patrol
71:53 Faith
71:56 Carvel Hull
71:41 Siege Engineers
RoberDS1985
12:42 Feudal Age
13:47 Double-Bit Axe
16:14 Gold Mining
22:46 Castle Age
22:55 Wheelbarrow
24:19 Horse Collar
26:48 Crossbowman
28:59 Stone Mining
30:34 Bow Saw
33:50 Ballistics
33:41 Fortified Wall
35:11 Hand Cart
37:21 Heavy Plow
39:37 Gold Shaft Mining
40:27 Scale Barding Armor
41:41 Tusk Swords
42:13 Caravan
42:32 Guard Tower
53:24 Imperial Age
51:27 Chain Barding Armor
51:08 Scale Mail Armor
50:59 Fletching
51:23 Masonry
55:12 Chemistry
54:49 Keep
54:19 Elite Ballista Elephant
57:01 Hoardings
59:22 Arbalester
65:30 Double Crossbow
69:13 Crop Rotation
68:58 Heated Shot
69:01 Cavalier
69:02 Elite Battle Elephant
69:08 Elite Skirmisher
71:12 Husbandry
DrakeTheThief
0:27 Loom
10:56 Feudal Age
19:23 Castle Age
17:29 Horse Collar
17:37 Double-Bit Axe
17:44 Stone Mining
17:59 Gold Mining
20:57 Bow Saw
20:50 Heavy Plow
22:53 Gold Shaft Mining
28:19 Imperial Age
29:51 Wheelbarrow
29:01 Town Watch
31:34 Hand Cart
31:20 Town Patrol
32:26 Conscription
36:04 Hoardings
42:04 Herbal Medicine
43:43 Crop Rotation
44:19 Two-Man Saw
44:55 Druzhina
46:55 Elite Boyar
47:54 Bloodlines
47:45 Husbandry
54:38 Forging
54:28 Scale Mail Armor
54:33 Scale Barding Armor
54:18 Fletching
54:29 Padded Archer Armor
59:29 Iron Casting
59:09 Chain Mail Armor
59:15 Chain Barding Armor
58:50 Bodkin Arrow
59:10 Leather Archer Armor
59:02 Detinets
Skaagen4724
8:37 Loom
13:07 Feudal Age
14:25 Wheelbarrow
13:37 Town Watch
13:45 Double-Bit Axe
14:42 Horse Collar
19:27 Stone Mining
19:32 Gold Mining
23:39 Arson
25:11 Fletching
42:40 Castle Age
43:49 Heavy Plow
44:08 Hand Cart
43:53 Town Patrol
44:19 Bow Saw
44:52 Gold Shaft Mining
44:15 Pikeman
44:55 Squires
44:18 Crossbowman
50:10 Caravan
53:32 Imperial Age
54:31 Capped Ram
56:26 Conscription
55:36 Sappers
62:22 Hoardings
65:22 Two-Man Saw
kevlarpukks
12:54 Feudal Age
16:34 Horse Collar
20:38 Castle Age
26:23 Loom
27:02 Forging
26:53 Scale Mail Armor
27:38 Wheelbarrow
30:41 Hand Cart
33:53 Fletching
42:17 Bodkin Arrow
50:29 Iron Casting
50:36 Chain Mail Armor
55:17 Town Watch
Lieutenant Columbo
11:36 Feudal Age
9:51 Loom
15:34 Wheelbarrow
17:18 Double-Bit Axe
18:56 Horse Collar
22:56 Castle Age
21:25 Town Watch
23:18 Scale Barding Armor
23:29 Forging
23:48 Bloodlines
23:26 Man-at-Arms
23:52 Arson
30:05 Heavy Plow
36:47 Hand Cart
37:10 Squires
38:30 Bow Saw
38:04 Elite Skirmisher
38:04 Crossbowman
40:05 Gold Mining
40:06 Stone Mining
43:52 Long Swordsman
49:48 Chain Barding Armor
Snobyman
0:38 Loom
15:35 Feudal Age
16:06 Horse Collar
16:17 Double-Bit Axe
16:27 Gold Mining
16:30 Stone Mining
17:20 Wheelbarrow
23:07 Castle Age
23:02 Arson
24:12 Hand Cart
26:09 Bow Saw
29:41 Gold Shaft Mining
29:12 Heavy Plow
32:43 Town Watch
35:41 Ballistics
35:11 Heated Shot
35:02 Treadmill Crane
35:33 Masonry
35:34 Fortified Wall
35:19 Murder Holes
35:15 Guard Tower
38:56 Caravan
39:27 Coinage
43:16 Imperial Age
41:19 Clerical Recruitment
42:58 Town Patrol
44:11 Scale Barding Armor
44:17 Forging
43:58 Fletching
44:08 Padded Archer Armor
44:09 Scale Mail Armor
45:41 Banking
50:05 Chemistry
49:36 Architecture
48:54 Arrowslits
51:24 Cranequins
51:25 Heavy Mounted Crossbowman
51:28 Elite Skirmisher
52:23 Thumb Ring
53:16 Crop Rotation
55:25 Squires
54:45 Pikeman
Connection lost

Rejoining the realm…

Still unreachable

The connection could not be restored.

Session expired

The server has moved on; the page needs a fresh start.